 Dungeon Crawl Stone Soup version 0.29.1-1-gd02db69 (webtiles) character file.

Game seed: 11889844546785551868

31 bonegar the Sneak (level 3, -2/30 HPs)
             Began as a Naga Enchanter on Mar 14, 2023.
             Was an Initiate of Vehumet.
             Slain by a jackal (3 damage)
             ... on level 2 of the Dungeon.
             The game lasted 00:07:28 (1782 turns).

bonegar the Sneak (Naga Enchanter)                  Turns: 1782, Time: 00:07:29

Health: -2/30      AC:  2    Str: 10    XL:     3   Next: 22%
Magic:  6/6        EV: 10    Int: 15    God:    Vehumet [......]
Gold:   54         SH:  0    Dex: 13    Spells: 6/6 levels left

rFire   . . .      SeeInvis +   a - +1 dagger
rCold   . . .      Faith    +   (no shield)
rNeg    . . .      Spirit   .   b - +0 robe
rPois   +          Reflect  .   (no helmet)
rElec   .          Harm     .   (no cloak)
rCorr   .          Rampage  .   (no gloves)
Will    .....                   (no barding)
Stlth   +++.......              e - amulet of faith
HPRegen 0.10/turn               (no ring)
MPRegen 0.10/turn               (no ring)

@: very slow
A: AC +1, large, see invisible, deformed body, poison resistance, slowness 2,
spit poison 1, naga tail 1, robust 1
a: Spit Poison, Renounce Religion


You were on level 2 of the Dungeon.
You worshipped Vehumet.
Vehumet was noncommittal.
You visited 1 branch of the dungeon, and saw 2 of its levels.

You collected 54 gold pieces.

Inventory:

Hand Weapons
 a - a +1 dagger (weapon)
 g - a +0 hand axe
Armour
 b - a +0 robe (worn)
Jewellery
 e - an amulet of faith (around neck)
Scrolls
 c - a scroll of identify
 d - a scroll of vulnerability


   Skills:
 + Level 0.2 Fighting
 + Level 1.1 Short Blades
 + Level 2.0 Dodging
 + Level 5.3 Stealth
 + Level 2.0 Spellcasting
 + Level 3.3 Hexes


You had 6 spell levels left.
You didn't know any spells.
Your spell library contained the following spells:

 Spells                   Type           Power      Damage    Failure   Level
 Ensorcelled Hibernation  Hex/Ice        12%        N/A       17%         2
 Confusing Touch          Hex            11%        N/A       17%         3
 Tukima's Dance           Hex            11%        N/A       17%         3
 Dazzling Flash           Conj/Hex       12%        N/A       32%         3


Dungeon Overview and Level Annotations

Branches:
Dungeon (2/15)

Altars:
Uskayaw
Vehumet


Innate Abilities, Weirdness & Mutations

Your serpentine skin is tough. (AC +1)
You have supernaturally acute eyesight. (SInv)
Armour fits poorly on your strangely shaped body.
Your system is resistant to poisons. (rPois)
You cover ground very slowly.
You can spit poison.
You have a snake-like lower body.
You are robust. (+10% HP)


Message History

The jackal bites you. x2
The jackal bites you but does no damage. x2
The jackal bites you.
You barely miss the jackal.
The jackal is severely wounded.
The jackal barely misses you. The jackal completely misses you.
The jackal bites you.
* * * LOW HITPOINT WARNING * * *
The jackal barely misses you. The jackal bites you.
* * * LOW HITPOINT WARNING * * *
The jackal barely misses you.
It was a potion of mutation.
You feel extremely strange.
You feel robust. The jackal barely misses you. The jackal closely misses you.
The jackal barely misses you. The jackal closely misses you. x2
You aren't carrying any potions.
As you read the scroll labelled ODIAVE NORPHUF, it crumbles to dust.
It is a scroll of identify.
d - a scroll of vulnerability The jackal bites you.
* * * LOW HITPOINT WARNING * * *
The jackal closely misses you. The jackal bites you.
* * * LOW HITPOINT WARNING * * *
The jackal bites you.
* * * LOW HITPOINT WARNING * * *
The jackal barely misses you.
You closely miss the jackal.
The jackal is severely wounded.
The jackal bites you but does no damage.
The jackal bites you.
* * * LOW HITPOINT WARNING * * *
The jackal completely misses you. The jackal barely misses you.
The jackal bites you but does no damage. x2
Unknown command.
Unknown command.
Unknown command.
You hit the jackal but do no damage. The jackal closely misses you.
The jackal bites you but does no damage.
The jackal bites you.
You die...

#.#.# #?# #.#.##### #.#
#.#....<# #.# #.#######
#.# #......# . #(#
######.# ... #####.# #.#
....##..?#.###.# #.#
......h@h.....># #.#
....=.hh##.##########.##
....._.B##.........†...#
........################
##......# #....### #....
####. #.


You could see 4 jackals and a giant cockroach.

Vanquished Creatures
  An adder (D:2)
  A bat (D:1)
  2 endoplasms (D:1)
  A giant cockroach (D:1)
  A hobgoblin (D:1)
  2 ball pythons (D:1)
  4 goblins (D:1)
  3 kobolds (D:1)
  7 rats (D:1)
22 creatures vanquished.

Vanquished Creatures (others)
  A ball python (D:1)
1 creature vanquished.

Grand Total: 23 creatures vanquished

Notes
Turn   | Place    | Note
-------+----------+-------------------------------------------
     0 | D:1      | bonegar the Naga Enchanter began the quest for the Orb.
     0 | D:1      | Reached XP level 1. HP: 15/15 MP: 3/3
   341 | D:1      | Reached XP level 2. HP: 10/22 MP: 5/5
   519 | D:1      | Reached skill level 5 in Stealth
   889 | D:1      | Found a radiant altar of Vehumet.
   995 | D:1      | Became a worshipper of Vehumet
  1754 | D:2      | Reached XP level 3. HP: 28/28 MP: 6/6
  1765 | D:2      | Found a hide-covered altar of Uskayaw.
  1779 | D:2      | Gained mutation: You are robust. (+10% HP) [potion of
                  | mutation]
  1781 | D:2      | HP: 1/30 [jackal (3)]
  1782 | D:2      | Slain by a jackal

Illustrated notes

Levels and vault maps discovered:
D:1:      minmay_arrival_doors, layout_basic, minmay_hexomino_r4
D:2:      minmay_general_purpose_star, layout_basic, basic_altar,
          amcnicky_mini_rare_corridor_liquid

Skill      XL: |  1  2 |
---------------+-------+-----
Stealth        | 5 |  5.3
Dodging        | 2 |  2.0
Fighting       | |  0.2
Short Blades   | |  1.1
Spellcasting   | |  2.0
Hexes          | |  3.3

Action                   || total
-------------------------++-------
Melee: Dagger            ||    70
       Punch             ||     1
  Use: Potion            ||     4
       Scroll            ||     1
 Stab: Invisible         ||     3
       Sleeping          ||     4
Armor: Robe              ||    18
Dodge: Dodged            ||    56
